 Dungeon Crawl Stone Soup version 0.27.0-1-g7a089689b8 (webtiles) character file.

Game seed: 143030674288665724

7450 Armakuni the Basher (level 11, -3/79 HPs)
             Began as a Human Transmuter on July 30, 2021.
             Was a Believer of Elyvilon.
             Slain by Snorg (4 damage)
             ... on level 10 of the Dungeon.
             The game lasted 00:45:17 (11825 turns).

Armakuni the Basher (Human Transmuter)             Turns: 11825, Time: 00:45:17

Health: -3/79      AC: 10    Str: 20    XL:     11   Next: 37%
Magic:  9/18       EV: 12    Int: 14    God:    Elyvilon [**....]
Gold:   506        SH:  0    Dex: 13    Spells: 6/14 levels left

rFire    . . .     SeeInvis .   a - +0 dire flail
rCold    . . .     Faith    .   (shield currently unavailable)
rNeg     . . .     Spirit   .   w - +0 acid dragon scales
rPois    .         Reflect  .   t - +1 helmet
rElec    .         Harm     .   u - +0 cloak
rCorr    +         Rampage  .   (no gloves)
Will     .....                  (no boots)
Stlth    +.........             M - amulet of magic regeneration
HPRegen  0.23/turn              S - +4 ring of slaying
MPRegen  0.41/turn              V - +6 ring of strength

@: wereblooded, very slightly contaminated
A: no striking features
a: Renounce Religion, Lesser Healing, Heal Other, Divine Protection


You were on level 10 of the Dungeon.
You worshipped Elyvilon.
Elyvilon was pleased with you.
You visited 3 branches of the dungeon, and saw 12 of its levels.

You collected 531 gold pieces.
You spent 25 gold pieces at shops.

Inventory:

Hand Weapons
 a - a +0 dire flail (weapon)
 b - a +4 whip of venom
 c - a +2 hand crossbow of flaming
Missiles
 o - 8 bolts
Armour
 t - a +1 helmet (worn)
 u - a +0 cloak (worn)
 w - +0 acid dragon scales (worn)
Magical Staves
 e - a staff of air
Jewellery
 F - a ring of fire
 J - a ring of ice
 M - an amulet of magic regeneration (around neck)
 S - a +4 ring of slaying (left hand)
 V - a +6 ring of strength (right hand)
Wands
 f - a wand of flame (57)
 h - a wand of acid (1)
 j - a wand of iceblast (1)
 m - a wand of mindburst (14)
 p - a wand of polymorph (4)
Scrolls
 l - a scroll of silence
 r - 2 scrolls of enchant weapon
Potions
 d - a potion of attraction {unknown}
 g - 2 potions of invisibility {unknown}
 i - 2 potions of mutation
 k - 7 potions of curing
 n - a potion of heal wounds
 q - 3 potions of haste
 s - a potion of resistance {unknown}
 v - 2 potions of lignification {unknown}


   Skills:
 - Level 5.0 Fighting
 - Level 1.7 Long Blades
 + Level 11.0 Maces & Flails
 - Level 3.0 Crossbows
 - Level 3.0 Armour
 - Level 3.0 Dodging
 - Level 1.7 Shields
 - Level 3.0 Unarmed Combat
 - Level 2.0 Spellcasting
 - Level 4.0 Transmutations
 + Level 9.6 Invocations
 - Level 3.0 Evocations


You had 6 spell levels left.
You knew the following spells:

 Your Spells              Type           Power      Damage    Failure   Level
b - Blink                 Tloc           N/A        N/A       41%         2
h - Spider Form           Tmut/Pois      3%         N/A       36%         3
w - Wereblood             Tmut           12%        N/A       9%          2
z - Beastly Appendage     Tmut           24%        N/A       6%          1

Your spell library contained the following spells:

 Spells                   Type           Power      Damage    Failure   Level
 Magic Dart               Conj           4%         1d3       30%         1
 Call Imp                 Summ           1%         N/A       41%         2
 Sublimation of Blood     Necr           0%         N/A       41%         2
 Ignite Poison            Fire/Tmut/Pois 5%         N/A       47%         3
 Conjure Flame            Conj/Fire      1%         6-21      65%         3
 Lesser Beckoning         Tloc           0%         N/A       65%         3
 Mephitic Cloud           Conj/Pois/Air  1%         N/A       65%         3
 Ice Form                 Ice/Tmut       7%         N/A       78%         4
 Petrify                  Tmut/Erth      7%         N/A       78%         4
 Sticky Flame             Conj/Fire      1%         2d3       96%         4
 Irradiate                Conj/Tmut      3%         3d14      98%         5
 Manifold Assault         Tloc           1%         N/A       100%        5


Dungeon Overview and Level Annotations

Branches:
Dungeon (10/15)            Temple (1/1) D:6            Lair (1/6) D:8
    Orc: D:9-12

Altars:
Ashenzari
Cheibriados
Dithmenos
Elyvilon
Fedhas
Gozag
Hepliaklqana
Kikubaaqudgha
Makhleb
Nemelex Xobeh
Okawaru
Qazlal
Ru
Sif Muna
Trog
Uskayaw
Vehumet
Wu Jian
Xom
Yredelemnul
Zin

Shops:
D:1 *   D:4 =   D:5 *   D:7 (*[[

Annotations:
D:8 2 transporters, DildoBatman's ghost, novice FoCj
D:10 Snorg


Message History

Confirm with . or Enter, or press ? or * to list all spells.
You blink.
Found a scroll labelled GUASHRIDESOS and 2 fizzy white potions.
Aiming: Iceblast
Press: ? - help, Shift-Dir - straight line, f/p - Snorg
Aim: Snorg (heavily wounded, berserk, covered in acid)
The mass of ice explodes!
The iceblast engulfs Snorg!!
Snorg is severely wounded.
Snorg rages.
Aiming: Iceblast
Press: ? - help, Shift-Dir - straight line, f/p - Snorg
Aim: Snorg (severely wounded, berserk, covered in acid)
The mass of ice explodes!
The iceblast engulfs Snorg.
Snorg is severely wounded.
Casting: Blink (dangerous; 41% risk of failure)
Confirm with . or Enter, or press ? or * to list all spells.
You blink.
Snorg is no longer covered in acid.
Your magical contamination has completely faded away.
Casting: Blink (dangerous; 41% risk of failure)
Confirm with . or Enter, or press ? or * to list all spells.
You blink.
You howl as the wereblood boils in your veins!
The orc hits you with a +0 flail.
Casting: Blink (dangerous; 41% risk of failure)
Confirm with . or Enter, or press ? or * to list all spells.
You miscast Blink.
You are very lightly contaminated with residual magic.
Nothing appears to happen.
Snorg bites you!!
* * * LOW HITPOINT WARNING * * *
Snorg claws you.
* * * LOW HITPOINT WARNING * * *
Snorg claws you but does no damage.
Casting: Blink (dangerous; 41% risk of failure)
Confirm with . or Enter, or press ? or * to list all spells.
You miscast Blink.
Nothing appears to happen.
You howl as the wereblood boils in your veins!
Snorg closely misses you. Snorg misses you. Snorg claws you!
* * * LOW HITPOINT WARNING * * *
Snorg bites you but does no damage. Snorg claws you.
You die...

#...# #####
##...###.o....
#....).oo.o#
#..))#........
#....##.#.....
##.o[# #..(...
#.o<# ##....
#..o# #.. #.@o#
### o
#.T.###..##
######.........#
#..?...........#
#.##.....ยง.#.#.
.....##.#..# ..
#.##. #.#..# . #
#. ..!....
..#.....


You could see Snorg (berserk) and 4 orcs.

Vanquished Creatures
  Pikel (D:7)
  Joseph (D:8)
  A komodo dragon (Lair:1)
  Sigmund (D:2)
  12 yaks (D:9)
  A steam dragon (D:8)
  A water moccasin (D:7)
  2 acid dragons
  2 ice beasts (D:7)
  A black bear (Lair:1)
  4 orc warriors
  3 ogres
  A necrophage (D:7)
  2 centaurs (D:9)
  A lemure (D:7)
  A phantom (D:5)
  A bullfrog (Lair:1)
  A wyvern zombie (D:8)
  3 gnoll sergeants
  A water moccasin skeleton (D:5)
  6 killer bees (D:9)
  4 howler monkeys
  19 wights
  A centaur zombie (D:8)
  An orc priest (D:7)
  3 bullfrog skeletons
  3 hounds
  A jelly (D:6)
  A centaur skeleton (D:5)
  4 iguanas
  8 orc wizards
  A hound skeleton (D:5)
  2 howler monkey zombies
  Robin (D:2)
  13 gnolls
  2 river rats (D:3)
  4 adders
  2 white imps
  2 adder skeletons (D:4)
  A worm (D:2)
  4 dart slugs
  26 orcs
  8 endoplasms
  2 giant cockroaches (D:2)
  20 goblins
  8 hobgoblins
  6 jackals
  5 kobolds
  A quokka (D:4)
  5 ball pythons
  4 bats
  4 frilled lizards (D:1)
  4 rats
217 creatures vanquished.

Vanquished Creatures (others)
  A death yak (D:8)
  A plant (D:2)
2 creatures vanquished.

Grand Total: 219 creatures vanquished

Notes
Turn   | Place    | Note
-------+----------+-------------------------------------------
     0 | D:1      | Armakuni the Human Transmuter began the quest for the Orb.
     0 | D:1      | Reached XP level 1. HP: 15/15 MP: 3/3
    88 | D:1      | Reached XP level 2. HP: 21/21 MP: 3/5
    95 | D:1      | Learned a level 2 spell: Wereblood
   493 | D:2      | Noticed Robin
   531 | D:2      | Killed Robin
   532 | D:2      | Reached XP level 3. HP: 14/27 MP: 3/6
  1187 | D:1      | Found Yshiorch's Assorted Antiques.
  1355 | D:1      | Bought a scroll labelled ATOBRAO MOESOD for 25 gold pieces
  1416 | D:1      | Reached XP level 4. HP: 34/34 MP: 5/7
  2053 | D:2      | Noticed Sigmund
  2144 | D:3      | Learned a level 3 spell: Spider Form
  2213 | D:2      | Killed Sigmund
  2214 | D:2      | Reached XP level 5. HP: 28/43 MP: 5/8
  2214 | D:2      | Reached XP level 6. HP: 32/49 MP: 5/9
  3174 | D:2      | Found a faded altar of an unknown god.
  3616 | D:3      | Found a snail-covered altar of Cheibriados.
  3899 | D:3      | Reached skill level 5 in Fighting
  4289 | D:4      | Reached skill level 1 in Armour
  4303 | D:4      | Found Eckutaycs's Jewellery Boutique.
  4350 | D:4      | Learned a level 2 spell: Blink
  4679 | D:4      | Reached XP level 7. HP: 49/56 MP: 10/10
  4958 | D:5      | Entered Level 5 of the Dungeon
  4983 | D:5      | Reached skill level 1 in Crossbows
  5040 | D:5      | Reached skill level 1 in Maces & Flails
  5333 | D:5      | Found Zyno's Elemental Accessories.
  5482 | D:5      | Reached skill level 2 in Maces & Flails
  5554 | D:5      | Reached XP level 8. HP: 19/62 MP: 0/11
  5797 | D:5      | Found a basalt altar of Yredelemnul.
  6037 | D:5      | Reached skill level 3 in Maces & Flails
  6037 | D:5      | Reached skill level 1 in Evocations
  6206 | D:6      | Found a staircase to the Ecumenical Temple.
  6218 | Temple   | Entered the Ecumenical Temple
  6241 | Temple   | Became a worshipper of Elyvilon the Healer
  6290 | D:6      | Reached skill level 1 in Invocations
  6698 | D:6      | Found a stormy altar of Qazlal.
  7003 | D:6      | Reached * piety under Elyvilon
  7205 | D:6      | Reached skill level 1 in Long Blades
  7205 | D:6      | Reached skill level 1 in Shields
  7730 | D:7      | Reached XP level 9. HP: 52/68 MP: 10/12
  7836 | D:7      | Reached skill level 4 in Maces & Flails
  7871 | D:7      | Reached ** piety under Elyvilon
  7888 | D:7      | Noticed Pikel
  7894 | D:7      | Killed Pikel
  7895 | D:7      | Reached skill level 6 in Maces & Flails
  8045 | D:7      | Reached skill level 7 in Maces & Flails
  8196 | D:7      | Found Nosme's Antique Armour Shop.
  8198 | D:7      | Found Zuolleroed's Antique Armour Boutique.
  8199 | D:7      | Found Plog's Weapon Shoppe.
  8200 | D:7      | Found Othaxur's General Store.
  8707 | D:8      | Noticed a death yak
  8707 | D:8      | Noticed a death yak
  8712 | D:8      | Pacified a death yak
  8713 | D:8      | Reached skill level 8 in Maces & Flails
  8713 | D:8      | Reached skill level 5 in Invocations
  8713 | D:8      | Reached XP level 10. HP: 74/74 MP: 8/13
  8724 | D:8      | Killed a death yak
  8763 | D:8      | Noticed a death yak
  8871 | D:8      | Noticed Joseph
  8892 | D:8      | Killed Joseph
  9102 | D:8      | Reached skill level 9 in Maces & Flails
  9192 | D:8      | Found a transporter.
  9192 | D:8      | Noticed DildoBatman's ghost (novice FoCj)
  9212 | D:8      | Found a transporter.
  9228 | D:8      | Noticed a death yak
  9228 | D:8      | Noticed a death yak
  9499 | D:8      | Found an ancient bone altar of Kikubaaqudgha.
  9589 | D:8      | Found a staircase to the Lair.
  9655 | Lair:1   | Entered Level 1 of the Lair of Beasts
  9658 | Lair:1   | Noticed a komodo dragon
  9662 | Lair:1   | Killed a komodo dragon
 10235 | D:9      | Reached skill level 10 in Maces & Flails
 10237 | D:9      | Reached XP level 11. HP: 36/79 MP: 17/17
 10865 | D:9      | Found a burning altar of Makhleb.
 11417 | D:10     | Entered Level 10 of the Dungeon
 11808 | D:10     | Reached skill level 11 in Maces & Flails
 11808 | D:10     | Noticed Snorg
 11825 | D:10     | HP: 1/79 [Snorg (14)]
 11825 | D:10     | Slain by Snorg

Illustrated notes

Levels and vault maps discovered:
D:1:      dpeg_arrival_morbid_curiosity, layout_basic, serial_shops,
          nicolae_shop_stone
D:2:      layout_basic, shapermc_ecumenical_altar_petra, hangedman_decor_points,
          dk_noncrumbling_4, nrook_campfire, uniq_robin, uniq_sigmund
D:3:      layout_loops_ring, lemuel_tele_altar, portal_sewer_entry_b,
          minmay_misc_feat_cross
D:4:      layout_rooms, serial_shops, nicolae_shop_trees
D:5:      layout_cave_pools, mainiacjoe_overflow_concentric_impassable,
          amcnicky_mini_pool_small, grunt_decor_arrowhead,
          nicolae_elemental_shop
D:6:      layout_layer_cave, mainiacjoe_overflow_small_starburst,
          minmay_temple_entry_trees
D:7:      layout_gridville, chequers_mini_garden, nicolae_wooded_promenade,
          kennysheep_small_circle, uniq_pikel
D:8:      layout_loops_ring, mainiacjoe_overflow_tiny_flanked,
          dpeg_lair_monsters, gammafunk_ghost_mausoleum, uniq_joseph
D:9:      layout_stronghold, mainiacjoe_overflow_surrounded_room, hex_tiny
D:10:     layout_loops_cross, nicolae_tso_carved_into_rock, hiddenorc1_lemuel,
          uniq_urug, uniq_snorg
Temple:   lightli_temple_of_artemis
Lair:1:   layout_small_grid, grunt_megastairs_5

Skill      XL: |  1  2  3  4  5  6  7  8  9 10 11 |
---------------+----------------------------------+-----
Fighting       | 2 4 5 |  5.0
Transmutations | 3 4 |  4.0
Armour         | 1 3 |  3.0
Crossbows      | 2 3 |  3.0
Maces & Flails | 2 3 8 10 11 | 11.0
Dodging        | 3 |  3.0
Evocations     | 3 |  3.0
Invocations    | 3 5 8 9 |  9.6
Long Blades    | 1 |  1.7
Shields        | 1 |  1.7
Unarmed Combat | |  3.0
Spellcasting   | |  2.0

Action                   |  1- 3 |  4- 6 |  7- 9 | 10-12 || total
-------------------------+-------+-------+-------+-------++-------
Melee: Unarmed           |    77 |   173 |       |       ||   250
       Headbutt          |     6 |    26 |       |       ||    32
       Kick              |     8 |    31 |       |       ||    39
       Punch             |       |     2 |     2 |       ||     4
       Whip              |       |    15 |   125 |    53 ||   193
       Dire flail        |       |       |       |   259 ||   259
 Fire: Hand crossbow     |       |     5 |    72 |    11 ||    88
       Hunting sling     |       |     2 |       |       ||     2
 Cast: Beastly Appendage |    18 |    31 |       |       ||    49
       Wereblood         |     1 |     5 |     2 |    19 ||    27
       Spider Form       |       |     2 |       |       ||     2
       Blink             |       |       |     7 |     6 ||    13
Invok: Lesser Healing    |       |       |    12 |    42 ||    54
       Heal Other        |       |       |     2 |     5 ||     7
Evoke: Wand              |       |       |    24 |    11 ||    35
  Use: Scroll            |     1 |     6 |     4 |     3 ||    14
       Potion            |       |     1 |     1 |     1 ||     3
 Stab: Sleeping          |       |     3 |       |       ||     3
Armor: Robe              |    14 |    23 |    17 |       ||    54
       Ring mail         |       |       |    33 |    12 ||    45
       Steam dragon scal |       |       |       |    66 ||    66
       Acid dragon scale |       |       |       |    11 ||    11
Dodge: Dodged            |    51 |   111 |    76 |   194 ||   432
